 Dungeon Crawl Stone Soup version 0.17.0-28-g6e173f8 (webtiles) character file.

393 dohliylev the Covert (level 6, -1/44 HPs)
             Began as a Vampire Assassin on Nov 23, 2015.
             Killed from afar by Natasha (4 damage)
             ... with a magic dart
             ... on level 3 of the Dungeon.
             The game lasted 00:26:16 (2889 turns).

dohliylev the Covert (Vampire Assassin)             Turns: 2889, Time: 00:26:16

Health: -1/44      AC:  0    Str:  5    XL:     6   Next: 51%
Magic:  6/6        EV: 20    Int: 14    God:
Gold:   112        SH:  0    Dex: 22    Spells: 0 memorised, 5 levels left

rFire  . . .     SeeInvis +     (weapon currently unavailable)
rCold  + . .     Clarity  .     (armour currently unavailable)
rNeg   + + .     SustAt   .     (shield currently unavailable)
rPois  +         Gourm    .     (helmet currently unavailable)
rElec  .         Spirit   .     (cloak currently unavailable)
rCorr  .         Warding  .     (gloves currently unavailable)
rMut   .         Stasis   .     (boots currently unavailable)
MR     .....                    (no amulet)
Stlth  ++++++....               (ring currently unavailable)
                                (ring currently unavailable)

@: bat-form, flying, regenerating slowly, very quick, not resistant to hostile
enchantments, very stealthy
A: (fangs 0), see invisible, (unbreathing)
a: End Transformation


You were on level 3 of the Dungeon.
You were thirsty.
You were in vampire-bat-form.
You visited 1 branch of the dungeon, and saw 3 of its levels.

You collected 112 gold pieces.

Inventory:

Hand Weapons
 b - a +0 blowgun
 r - a +2 dagger of protection (melded)
 s - a +0 mace of holy wrath
Missiles
 e - 5 poisoned needles
 f - 2 curare-tipped needles
Armour
 c - a +0 robe (melded)
 d - a +0 cloak (melded)
Scrolls
 a - a scroll of random uselessness {unknown}
 h - 2 scrolls of identify {unknown}
 i - a scroll of teleportation {unknown}
 j - 3 scrolls of enchant weapon {unknown}
 m - a scroll of enchant armour {unknown}
 n - 2 scrolls of remove curse {unknown}
 p - a scroll of amnesia {unknown}
Potions
 g - 22 potions of blood
 k - 2 potions of heal wounds {unknown}
 l - a potion of magic {unknown}
 o - a potion of might {unknown}
 q - a potion of curing {unknown}


   Skills:
 + Level 2.1 Fighting
 + Level 2.4 Short Blades
 + Level 2.4 Throwing
 + Level 1.9 Dodging
 * Level 10.7 Stealth


You had 5 spell levels left.
You didn't know any spells.

Dungeon Overview and Level Annotations

Branches:
Dungeon (3/15)

Altars:

Annotations:
D:3 Crazy Yiuf; Natasha; bollicks1999's ghost, novice FoFi


Innate Abilities, Weirdness & Mutations

You heal slowly.
((You have razor-sharp teeth.))
You have supernaturally acute eyesight.
((You can survive without breathing.))


Message History

Your +0 cloak melds into your body.
Your +0 robe melds into your body.
You feel less protected. Bollicks1999's ghost hits you!
You see here 20 arrows.
Natasha casts a spell at you. The magic dart hits you!
Natasha casts a spell at you. The magic dart hits you!
* * * LOW HITPOINT WARNING * * *
Natasha casts a spell at you. The magic dart hits you!
* * * LOW HITPOINT WARNING * * *
One of your 23 potions of blood rots away.
There is an open door here.
You see here a stone.
Natasha mumbles some strange words.
Things that are here:
a short sword; a stone Natasha stares at you and mumbles some strange words.
The magic dart hits you!
You die...

.########.#..#........#.#.##.#
......# #....#....h...#.#.##.#
......# ##...#........'...##.#
...)..# #...#........#.####[#
......#####W.#........#.# #.#
......g.....>###.#.####(####)####
.......####.#....................
.#<.....# #.#.##)#.#####.........
.#####..# #.#.##b#...............
.## #..###.#.##.#######.........
..# #......#.....# #......... ..#
##.########### #......... ..# #.#
#......... ..# #.# #......... ..#
#.# ########## .[#####.#
........#


You could see Natasha.

Vanquished Creatures
  Sigmund (D:3)
  Terence (D:3)
  Natasha (D:3)
  7 adders
  6 gnolls (D:2)
  An ooze (D:1)
  A worm (D:2)
  An orc (D:3)
  A ball python (D:1)
  2 giant cockroaches
  6 goblins
  8 hobgoblins
  3 jackals (D:1)
  11 kobolds
  A quokka (D:2)
  8 bats
  A giant newt (D:1)
  3 rats
63 creatures vanquished.

Notes
Turn   | Place    | Note
--------------------------------------------------------------
     0 | D:1      | dohliylev the Vampire Assassin began the quest for the Orb.
     0 | D:1      | Reached XP level 1. HP: 16/16 MP: 1/1
    10 | D:1      | Reached skill level 6 in Stealth
   135 | D:1      | Reached XP level 2. HP: 22/22 MP: 2/2
   332 | D:1      | Reached skill level 7 in Stealth
   694 | D:1      | Reached XP level 3. HP: 27/27 MP: 3/3
   832 | D:1      | You fall through a shaft!
   891 | D:2      | Reached skill level 8 in Stealth
   894 | D:2      | Reached XP level 4. HP: 33/33 MP: 4/4
  1330 | D:2      | Reached skill level 9 in Stealth
  1435 | D:3      | Reached XP level 5. HP: 34/38 MP: 5/5
  1482 | D:3      | Noticed bollicks1999's ghost (novice FoFi)
  1529 | D:3      | Noticed Sigmund
  1541 | D:3      | Noticed Terence
  1634 | D:3      | Noticed Natasha
  1639 | D:3      | Killed Natasha
  1795 | D:3      | Killed Terence
  1825 | D:3      | Noticed Crazy Yiuf
  2164 | D:3      | Killed Sigmund
  2164 | D:3      | Reached skill level 10 in Stealth
  2164 | D:3      | Reached XP level 6. HP: 33/44 MP: 6/6
  2670 | D:3      | Noticed Natasha
  2863 | D:3      | HP: 2/44 [Natasha/magic dart (6)]
  2889 | D:3      | Killed from afar by Natasha

Action                   |  1- 3 |  4- 6 || total
-------------------------+-------+-------++-------
Melee: Dagger            |    49 |    79 ||   128
 Fire: Blowgun           |    29 |    35 ||    64
 Abil: Bat Form          |       |     7 ||     7
       End Transformatio |       |     6 ||     6
  Use: Potion            |       |     3 ||     3
 Stab: Sleeping          |    16 |    18 ||    34
       Distracted        |     1 |     3 ||     4
